Map: 트라이튼 - 래더

Players

TSGSolar (Solar) - Winner!

  • Race: Zerg Zerg
  • League: Master
  • Spawn Location: 11:00

Dear

  • Race: Protoss Protoss
  • League: Master
  • Spawn Location: 5:00

VOD

Have the link to the VOD?

Description

Time

  • Played on: Jan. 9, 2020, 4:14 a.m.
  • Length: 10:18
Show
View Real Time Build Order
Export as new Build Order

TSGSolar Zerg - Winner!

Build Orders: Hatch First 

Get SALT Encoding   

  12  0:01  Drone  
  13  0:13  Overlord  
  13  0:18  Drone  
  14  0:31  Drone  
  14  0:32  Drone  
  16  0:48  Hatchery  
  15  0:52  Drone  
  15  0:55  Drone  
  17  0:58  Drone  
  18  1:09  Extractor  
  17  1:14  Spawning Pool  
  17  1:18  Drone  
  17  1:20  Drone  
  18  1:28  Drone  
  19  1:39  Drone  
  20  1:47  Hatchery  
  20  1:50  Drone  
  20  2:01  Queen  
  20  2:02  Zergling x2  
  23  2:11  Queen  
  25  2:17  Overlord  
  25  2:20  Drone  
  26  2:28  Metabolic Boost  
  26  2:29  Drone  
  27  2:31  Zergling x2  
  27  2:36  Drone x2  
  30  2:44  Queen  
  30  2:47  Drone  
  30  2:51  Drone  
  34  2:55  Drone  
  34  2:56  Drone  
  36  3:02  Queen  
  38  3:06  Drone  
  38  3:07  Overlord  
  38  3:10  Drone  
  40  3:13  Drone  
  40  3:15  Drone  
  42  3:20  Overlord  
  42  3:25  Queen  
  42  3:26  Drone  
  45  3:28  Drone  
  45  3:32  Drone x2  
  48  3:35  Drone x2  
  48  3:39  Drone x2  
  48  3:40  Overlord  
  52  3:43  Spore Crawler  
  52  3:46  Spore Crawler  
  50  3:51  Spore Crawler  
  50  3:52  Spore Crawler, Extractor  
  50  3:54  Drone  
  48  3:58  Drone x5  
  48  4:00  Drone  
  57  4:05  Drone x3  
  57  4:10  Zergling x6  
  57  4:13  Drone  
  57  4:15  Overlord  
  57  4:16  Drone  
  62  4:24  Lair  
  62  4:25  Drone  
  62  4:26  Roach Warren  
  62  4:28  Overlord  
  62  4:29  Extractor, Drone  
  62  4:30  Extractor  
  60  4:33  Drone x3  
  60  4:36  Drone  
  60  4:37  Drone x2  
  67  4:38  Zergling x2  
  67  4:40  Zergling x4  
  67  4:44  Extractor  
  67  4:45  Drone  
  69  4:46  Drone x2  
  69  4:48  Extractor, Drone  
  69  4:49  Drone  
  69  4:52  Overlord  
  71  5:03  Spine Crawler  
  71  5:05  Roach x3  
  71  5:06  Roach  
  80  5:07  Roach  
  80  5:08  Overlord  
  80  5:11  Zergling x2  
  80  5:12  Roach  
  83  5:15  Roach x2  
  83  5:16  Zergling x2, Roach  
  83  5:19  Overlord  
  83  5:20  Overlord  
  90  5:23  Overlord  
  88  5:29  Roach x2  
  88  5:32  Roach x2  
  88  5:34  Roach  
  96  5:36  Drone  
  96  5:39  Drone  
  96  5:40  Glial Reconstitution  
  96  5:42  Drone x2  
  97  5:45  Drone  
  97  5:49  Drone x3  
  98  5:51  Drone  
  98  5:53  Drone  
  98  5:55  Drone x3  
  97  5:58  Drone  
  97  6:00  Overseer  
  97  6:01  Drone  
  99  6:04  Drone  
  99  6:08  Drone x2  
  99  6:10  Drone  
  103  6:13  Extractor  
  103  6:16  Spire  
  101  6:20  Overlord  
  101  6:22  Drone x2  
  103  6:29  Overlord  
  103  6:31  Drone x3  
  103  6:32  Drone  
  107  6:37  Zergling x8  
  111  6:40  Hatchery  
  111  6:41  Zergling x6  
  111  6:44  Ravager x3  
  111  6:46  Zergling x4  
  118  6:49  Drone  
  118  6:51  Overlord  
  119  6:54  Overlord  
  119  6:59  Overlord  
  119  7:00  Zergling x6  
  122  7:02  Ravager, Overlord  
  122  7:03  Roach x2  
  122  7:07  Zergling x6  
  126  7:12  Zergling x2  
  126  7:13  Zergling x4  
  126  7:15  Zergling x2  
  117  7:21  Zergling x2  
  104  7:30  Mutalisk x5  
  104  7:32  Mutalisk  
  104  7:35  Mutalisk  
  117  7:40  Mutalisk  
  117  7:43  Drone  
  120  7:44  Mutalisk, Evolution Chamber  
  121  7:51  Zergling x2  
  121  7:52  Zergling x2  
  121  7:53  Zergling x12  
  121  7:54  Queen  
  121  7:55  Roach  
  121  7:57  Zergling x2  
  121  7:58  Zergling x6  
  136  8:05  Roach x3  
  142  8:08  Drone  
  143  8:15  Zerg Melee Weapons Level 1  
  143  8:16  Drone  
  143  8:17  Baneling Nest  
  143  8:18  Drone x2  
  143  8:19  Drone  
  146  8:21  Drone x2  
  146  8:22  Zergling x2, Drone x3  
  146  8:24  Overlord  
  146  8:25  Drone  
  153  8:27  Drone  
  153  8:28  Drone  
  153  8:29  Drone  
  153  8:30  Drone  
  153  8:32  Drone  
  158  8:35  Drone x2  
  158  8:38  Zergling x6, Hatchery  
  162  8:43  Overlord  
  162  8:45  Zergling x2  
  163  8:53  Zergling x12  
  169  8:57  Overlord  
  169  8:59  Hatchery  
  169  9:01  Zergling x2  
  169  9:02  Zergling x4  
  171  9:03  Overlord  
  171  9:06  Zergling x6  
  174  9:12  Zergling x8  
  174  9:15  Zergling x4  
  179  9:19  Baneling x24  
  179  9:20  Baneling x5  
  179  9:21  Ravager x4  
  181  9:24  Zergling x6  
  181  9:25  Zergling x4  
  181  9:28  Zergling x6  
  181  9:29  Baneling x2  
  181  9:30  Overlord  
  189  9:34  Overlord  
  189  9:36  Overlord  
  189  9:37  Overlord  
  189  9:38  Overlord  
  189  9:39  Overlord  
  176  9:47  Zergling x8  
  176  9:48  Zergling x2  
  176  9:50  Zergling x6  
  156  9:52  Roach  
  156  9:57  Roach  
  156  9:58  Roach x2  
  156  9:59  Zergling x10  
  153  10:01  Overseer  
Show
View Real Time Build Order
Export as new Build Order

Dear Protoss 

Build Orders: 1 Gate Expand, Oracle Opening, Archon Immortal 

Get SALT Encoding   

  12  0:00  Probe  
  13  0:12  Probe  
  14  0:19  Pylon  
  14  0:24  Probe  
  15  0:30  Assimilator  
  15  0:37  Probe (Chrono Boost)  
  16  0:44  Gateway  
  16  0:49  Probe (Chrono Boost)  
  17  0:54  Probe (Chrono Boost)  
  18  1:03  Probe  
  19  1:16  Probe  
  20  1:22  Nexus  
  20  1:32  Cybernetics Core  
  20  1:35  Probe  
  21  1:40  Assimilator  
  21  1:47  Probe  
  21  1:50  Pylon  
  22  1:59  Probe  
  23  2:05  Adept (Chrono Boost)  
  25  2:11  Probe  
  25  2:14  Stargate  
  26  2:19  Warp Gate  
  26  2:23  Probe (Chrono Boost)  
  26  2:28  Stalker  
  29  2:35  Probe (Chrono Boost)  
  29  2:36  Probe (Chrono Boost)  
  33  2:44  Probe (Chrono Boost)  
  33  2:45  Probe (Chrono Boost)  
  33  2:49  Probe (Chrono Boost)  
  33  2:50  Probe (Chrono Boost)  
  34  2:58  Oracle (Chrono Boost)  
  35  3:01  Probe  
  35  3:02  Probe  
  40  3:10  Gateway  
  40  3:13  Probe  
  40  3:14  Probe  
  42  3:20  Twilight Council  
  42  3:23  Gateway  
  42  3:26  Probe  
  43  3:28  Probe  
  43  3:32  Pylon  
  44  3:38  Probe  
  44  3:40  Probe  
  46  3:44  Assimilator  
  46  3:46  Assimilator  
  46  3:47  Pylon, Resonating Glaives (Chrono Boost)  
  46  3:50  Probe  
  46  3:52  Probe  
  48  4:02  Probe, Robotics Facility  
  49  4:04  Probe  
  50  4:10  Adept  
  50  4:11  Adept  
  50  4:14  Probe  
  50  4:16  Pylon  
  50  4:17  Probe, Adept  
  58  4:33  Nexus  
  58  4:38  Adept x2  
  62  4:39  Adept  
  62  4:42  Pylon  
  64  4:48  Pylon  
  64  4:53  Warp Prism  
  66  5:01  Adept  
  66  5:02  Adept  
  66  5:03  Adept  
  66  5:05  Probe  
  66  5:06  Probe  
  74  5:14  Pylon  
  74  5:17  Probe  
  74  5:18  Probe  
  76  5:23  Sentry  
  76  5:24  Sentry x2  
  82  5:31  Immortal  
  86  5:37  Probe x2  
  84  5:49  Gateway  
  80  5:54  Sentry x3  
  80  5:57  Probe x2  
  82  6:00  Forge  
  82  6:03  Gateway  
  76  6:08  Immortal (Chrono Boost)  
  76  6:10  Probe x2  
  82  6:16  Pylon  
  82  6:17  Protoss Ground Weapons Level 1  
  82  6:21  Charge, Adept x2  
  82  6:23  Sentry  
  82  6:24  Probe x3  
  91  6:26  Assimilator  
  91  6:28  Assimilator  
  91  6:30  Pylon  
  91  6:36  Probe x2  
  91  6:37  Immortal (Chrono Boost)  
  97  6:47  Probe  
  97  6:48  Probe x2  
  100  6:59  Probe  
  100  7:00  Probe, Adept  
  100  7:01  Adept x4  
  103  7:09  Immortal (Chrono Boost)  
  89  7:30  Zealot x5  
  93  7:43  Templar Archives  
  91  7:45  Gateway, Immortal (Chrono Boost)  
  91  7:48  Gateway  
  95  7:51  Gateway  
  95  7:55  Zealot x5  
  105  7:59  Photon Cannon  
  105  8:01  Photon Cannon  
  105  8:04  Pylon  
  105  8:07  Pylon  
  105  8:15  Immortal (Chrono Boost)  
  105  8:16  Phoenix (Chrono Boost), Stalker x5  
  121  8:25  Probe x3  
  120  8:32  Phoenix (Chrono Boost)  
  112  8:46  High Templar x4  
  112  8:47  Zealot x4  
  126  8:51  Archon  
  126  8:52  Phoenix (Chrono Boost), Archon  
  128  9:02  Pylon  
  124  9:21  Stalker x2  
  124  9:22  Stalker x2  
  131  9:30  Zealot  
  131  9:31  Zealot x3  
  93  9:55  Stalker x5  
  93  9:56  Stalker  
  83  10:02  Probe x3  
Tags
 
Add a new tag
Caveats
  • Supply blocks, unpowered buildings, or Contaminate may cause inaccurate times.
  • Supply counts are checked every 10 seconds.